[Event "Late-Titled-Tuesday-Blitz-October-03-2023"]
[Site "Chess.com"]
[Date "2023.10.03"]
[Round "2"]
[White "ozates"]
[Black "Hikaru"]
[Result "0-1"]
[WhiteElo "2635"]
[BlackElo "3270"]
[TimeControl "180+1"]
[EndTime "14:17:00 PDT"]
[Termination "Hikaru won by resignation"]

1. e4 a6 2. d4 e6 3. Nf3 d5 4. exd5 exd5 5. Bd3 Bd6 6. h3 Ne7 7. O-O O-O 8. Re1 f6 9. a4 c6 10. b3 Bf5 11. Ba3 Bxd3 12. Qxd3 a5 13. Bxd6 Qxd6 14. Nbd2 Na6 15. c3 Qd7 16. Nh4 Nc8 17.
Re3 Nd6 18. Rae1 Rf7 19. Qe2 g5 20. Nhf3 Kf8 21. Qd3 Nc7 22. Nf1 Re8 23. Rxe8+ Ncxe8 24. Ng3 Re7 25. Rxe7 Qxe7 26. Kf1 Nc7 27. Nd2 Ne6 28. Ne2 Kg7 29. c4 Qd8 30. c5 Nc8 31. Qf5 Nf8 32. Ng3 Qe8 33. Nf3 Ne7 34. Qg4 Qg6 35.
Kg1 Kf7 36. h4 h6 37. hxg5 hxg5 38. Nf1 Ne6 39. Ne3 Qb1+ 40. Kh2 Qh7+ 41. Kg1 Qe4 42. Qh5+ Qg6 43. Qg4 Qh7 44. Qg3 Nf4 45. Qg4 Qe4 46. Qd7 Ne6 47. Qxb7 g4 48. Nh4 g3 49. Nhf5 Qb1+ 50. Nf1 gxf2+ 51. Kxf2 Qxf5+ 52. Kg1 Nxd4 53. Ne3 Ne2+ 0-1

[Event "Late-Titled-Tuesday-Blitz-October-03-2023"]
[Site "Chess.com"]
[Date "2023.10.03"]
[Round "2"]
[White "szachmistrz2500"]
[Black "K_alena13"]
[Result "1-0"]
[WhiteElo "2432"]
[BlackElo "2131"]
[TimeControl "180+1"]
[EndTime "14:17:00 PDT"]
[Termination "szachmistrz2500 won on time"]

1. Nf3 d5 2. g3 Nf6 3. Bg2 c6 4.
O-O Bf5 5. d3 h6 6. Nbd2 e6 7.
Qe1 Be7 8. e4 Bh7 9. Qe2 O-O 10.
c3 Nbd7 11. Re1 Qc7 12. h3 e5 13. exd5 Nxd5 14. Nxe5 Nxe5 15. Qxe5 Qxe5 16. Rxe5 Bf6 17. Re1 Bxd3 18. Ne4 Rfe8 19. Nxf6+ Nxf6 20. Bf4 Be4 21. Be3 Bxg2 22. Kxg2 a6 23. Bb6 Nd5 24. Bd4 f6 25. h4 h5 26. Kf3 Kf7 27. a4 b5 28.
Rxe8 Rxe8 29. axb5 axb5 30. Ra6 Re6 31. Bc5 Kg6 32.
Ra7 Re8 33. Ra6 Re6 34. Ra7 Re8 35. Rb7 f5 36. Bd4 Re7 37. Rb8 Kf7 38. Rh8 g6 39.
Rc8 Rc7 40. Rb8 Ke6 41. Bc5 Kf6 42. Rf8+ Kg7 43. Re8 Kf7 44. Ra8 Rd7 45. Ke2 Rc7 46. Kd3 Kg7 47. Kd4 Rd7 48. Ke5 Nc7 49. Ra7 Rd5+ 50.
Kf4 Rd7 51. Kf3 Kf6 52. Bb6 Rd3+ 53. Ke2 Nd5 54. Bd8+ 1-0

[Event "Late-Titled-Tuesday-Blitz-October-03-2023"]
[Site "Chess.com"]
[Date "2023.10.03"]
[Round "2"]
[White "bazar-wokzal"]
[Black "Rud_Makarian"]
[Result "0-1"]
[WhiteElo "2582"]
[BlackElo "2960"]
[TimeControl "180+1"]
[EndTime "14:17:03 PDT"]
[Termination "Rud_Makarian won by resignation"]

1. e4 c5 2. c3 d5 3. exd5 Nf6 4. Bb5+ Nbd7 5. c4 a6 6. Bxd7+ Qxd7 7. Nf3 b5 8. d3 e6 9. dxe6 fxe6 10. O-O Bd6 11. Nc3 Bb7 12. Bg5 O-O 13. Bxf6 Rxf6 14. Ne4 Rg6 15.
Qe2 Rf8 16. g3 Bc7 17. Nh4 Rh6 18. Nxc5 Qc6 19. Nxb7 Qxb7 20. Rae1 Kh8 21. Qe4 Qb6 22. b3 Rhf6 23. Re2 Qd6 24. Kg2 g5 25. d4 gxh4 26.
Qxh4 bxc4 27. bxc4 Qc6+ 28. d5 exd5 29. cxd5 Qxd5+ 30. Qe4 Qh5 31. Rc2 Bb6 32. f4 Rh6 33. h4 Rg8 34. Rf3 Re8 35. Qb7 Rhe6 36. Rc8 Re2+ 37.
Kh3 Qf5+ 38. g4 Qxc8 39. Qxb6 Qe6 40. Qd4+ Kg8 41. f5 Qe4 42. Qxe4 R8xe4 43. g5 R4e3 0-1

[Event "Late-Titled-Tuesday-Blitz-October-03-2023"]
[Site "Chess.com"]
[Date "2023.10.03"]
[Round "2"]
[White "i_like_explosions"]
[Black "babero_gordo"]
[Result "1-0"]
[WhiteElo "2387"]
[BlackElo "1925"]
[TimeControl "180+1"]
[EndTime "14:17:03 PDT"]
[Termination "i_like_explosions won on time"]

1. d4 Nf6 2. Bg5 c6 3. Nc3 Qa5 4. Qd2 d5 5. e3 Bf5 6. f3 Bg6 7.
h4 h6 8. Bxf6 exf6 9. g4 h5 10.
Bd3 Nd7 11. Nge2 Bd6 12. O-O-O O-O-O 13. Nf4 Bxd3 14. Qxd3 hxg4 15. fxg4 Rde8 16. h5 Qc7 17.
Nce2 Re4 18. Rh3 Rhe8 19. Rf1 Nb6 20. b3 Qe7 21. Rff3 Ba3+ 22. Kb1 Qb4 23. Nc3 Nc4 24. Ng2 Rxg4 25. Rhg3 Rge4 26. Nxe4 dxe4 27. Qxc4 Qxc4 28. bxc4 exf3 29. Rxf3 Bd6 30. c3 Rh8 31. Rh3 g6 32. h6 Bf8 33. h7 Bg7 34. Kc2 Kd7 35. Kd3 f5 36. c5 Ke7 37. Nf4 Kf6 38. c4 Bf8 39. Rh1 Kg7 40. Rb1 Rxh7 41. Rxb7 Rh1 42. Ne6+ Kg8 43. Nxf8 Kxf8 44. d5 cxd5 45. cxd5 g5 46.
c6 Rc1 47. c7 Kg7 48. d6 g4 49. Ke2 g3 50. Kf3 1-0

[Event "Late-Titled-Tuesday-Blitz-October-03-2023"]
[Site "Chess.com"]
[Date "2023.10.03"]
[Round "2"]
[White "ArtemDyachuk"]
[Black "The_Princess_Moon"]
[Result "1-0"]
[WhiteElo "2676"]
[BlackElo "2301"]
[TimeControl "180+1"]
[EndTime "14:17:04 PDT"]
[Termination "ArtemDyachuk won on time"]

1. e4 c5 2. Nf3 a6 3. c4 Nc6 4.
d4 cxd4 5. Nxd4 Nxd4 6. Qxd4 d6 7.
Nc3 Nf6 8. Be2 g6 9. Be3 Bg7 10. f3 O-O 11. Qd2 Be6 12. O-O Qa5 13. Rac1 Rfc8 14.
b3 b5 15. Nd5 Qxd2 16. Bxd2 Bxd5 17. cxd5 Nd7 18. a4 Nc5 19. axb5 Nxb3 20. Rxc8+ Rxc8 21. Be3 axb5 22. Bxb5 Bd4 23. Bf2 Rc5 24. Ba4 Bxf2+ 25.
Kxf2 Rc3 26. Rb1 Nc5 27. Rb8+ Kg7 28. Bc6 Rc2+ 29. Kg3 h5 30. Re8 Kf6 31. Rf8 Kg7 32. Re8 Kf6 33. h4 Nd3 34. Bb5 Ne1 35. Bf1 Rb2 36. Rc8 Nc2 37. Kf4 Nd4 38. Ke3 Nc2+ 39. Kf4 Nd4 40. g3 Rb1 41. Bd3 Rb3 42. Ke3 1-0

[Event "Late-Titled-Tuesday-Blitz-October-03-2023"]
[Site "Chess.com"]
[Date "2023.10.03"]
[Round "2"]
[White "tantaan"]
[Black "crazy_but_lazy"]
[Result "0-1"]
[WhiteElo "2345"]
[BlackElo "2579"]
[TimeControl "180+1"]
[EndTime "14:17:04 PDT"]
[Termination "crazy_but_lazy won by resignation"]

1. d4 f5 2. c4 Nf6 3. Nc3 d6 4. Nf3 Nbd7 5. e3 g6 6. Bd3 Bg7 7. O-O O-O 8. d5 e5 9. dxe6 Nc5 10. Nd4 Nxe6 11. b3 Qe7 12. Bb2 Bd7 13. Rc1 Rae8 14. Re1 Nxd4 15. exd4 Qf7 16. Qd2 Ng4 17. h3 Bh6 18.
Qc2 Bxc1 19. Rxc1 Nf6 20. Ne2 Re7 21. d5 Ne4 22. f3 Nc5 23. Qc3 Qg7 24. Qc2 Qh6 25.
Qc3 Qe3+ 26. Kh1 Qxd3 27. Qh8+ Kf7 28. Qxh7+ Ke8 29. Qxg6+ Kd8 30. Nf4 Qe3 31. Qh6 Rfe8 32. Rf1 Nd3 33. Bf6 Qxf4 34. Bg5 Qe5 35. f4 Qe2 36.
Bxe7+ Qxe7 37. Rd1 Nc5 38. Qg6 Ne4 39. h4 Nf2+ 40. Kh2 Qxh4+ 41. Kg1 Nxd1 0-1

[Event "Late-Titled-Tuesday-Blitz-October-03-2023"]
[Site "Chess.com"]
[Date "2023.10.03"]
[Round "2"]
[White "koncheto"]
[Black "mfwagnerpeixoto"]
[Result "1-0"]
[WhiteElo "2534"]
[BlackElo "2335"]
[TimeControl "180+1"]
[EndTime "14:17:05 PDT"]
[Termination "koncheto won by resignation"]

1. e4 c5 2. Nf3 e6 3. d4 cxd4 4. Nxd4 Nc6 5. Nc3 Nf6 6. a3 a6 7. Be2 Qc7 8. O-O d6 9. Be3 Be7 10. f4 O-O 11. Qe1 Nxd4 12. Bxd4 b5 13. e5 dxe5 14.
fxe5 Nd7 15. Qg3 Bc5 16. Rad1 Bxd4+ 17. Rxd4 Qxe5 18. Rdf4 Bb7 19. Bd3 g6 20. h4 Nc5 21.
Be2 Ne4 22. Nxe4 Bxe4 23. c3 Bf5 24. Bf3 Rad8 25. h5 Rd2 26. b4 Rfd8 27. hxg6 hxg6 28.
Qg5 Qg7 29. Rh4 R2d5 30. Bxd5 Rxd5 31. Qf4 e5 32. Qg5 f6 33. Qe3 Rd3 34. Qc5 g5 35. Rh2 Qd7 36. Rh6 Kg7 37. Rh2 Rd2 38. Qe3 Rd3 39.
Qf2 Kg6 40. Qe2 Rxc3 41. Qh5+ Kg7 42. Qh8+ Kf7 43. Rh6 Qd4+ 44. Kh1 Bg6 45. Qxf6+ Ke8 46. Rh8+ 1-0

[Event "Late-Titled-Tuesday-Blitz-October-03-2023"]
[Site "Chess.com"]
[Date "2023.10.03"]
[Round "2"]
[White "NowInChess"]
[Black "Eloist"]
[Result "1-0"]
[WhiteElo "2221"]
[BlackElo "2446"]
[TimeControl "180+1"]
[EndTime "14:17:06 PDT"]
[Termination "NowInChess won on time"]

1. e4 e6 2. d3 d5 3. Nd2 Nf6 4. Ngf3 b6 5. e5 Ng8 6. d4 Ne7 7. c4 dxc4 8. Bxc4 Bb7 9. O-O Nf5 10. Nb3 Be7 11. Be3 O-O 12. g4 Nxe3 13. fxe3 c5 14. Qd2 Nc6 15. Rad1 a6 16. Bd3 Nb4 17. Bb1 c4 18. Nc1 b5 19. a3 Nd5 20. Qc2 g6 21. Qd2 Bg5 22. Rde1 a5 23. h3 b4 24. axb4 axb4 25. Nxg5 Qxg5 26. Be4 c3 27. bxc3 bxc3 28. Qf2 h5 29. Qf3 hxg4 30. Qxg4 Qxg4+ 31. hxg4 Rfb8 32. Rf2 Bc6 33. Rh2 Rb2 34. Nd3 Rxh2 35. Kxh2 c2 36. Rc1 Ba4 37. Bxd5 exd5 38. Ne1 Rb8 39. Nxc2 Rc8 40.
Ra1 Bxc2 41. Ra5 Be4 42. Kg3 Rc2 43. Kf4 1-0

[Event "Late-Titled-Tuesday-Blitz-October-03-2023"]
[Site "Chess.com"]
[Date "2023.10.03"]
[Round "2"]
[White "wild3000"]
[Black "Bodhanas"]
[Result "1-0"]
[WhiteElo "2427"]
[BlackElo "2123"]
[TimeControl "180+1"]
[EndTime "14:17:07 PDT"]
[Termination "wild3000 won by checkmate"]

1. d4 Nf6 2. c4 g6 3. Nf3 Bg7 4.
g3 O-O 5. Bg2 c6 6. O-O d5 7.
Nc3 e6 8. Qc2 Nbd7 9. b3 b6 10.
Bb2 Bb7 11. e4 dxe4 12. Nxe4 Nxe4 13. Qxe4 Qc7 14. Qe2 c5 15. dxc5 Nxc5 16. Bxg7 Kxg7 17. Rad1 Rad8 18. h4 Rxd1 19. Rxd1 Rd8 20. h5 Rxd1+ 21. Qxd1 Qd7 22. Qa1+ f6 23. b4 Nd3 24. h6+ Kf7 25. Qc3 Bxf3 26. Bxf3 Ne5 27. c5 Qd3 28. Qxd3 Nxd3 29. c6 Ke7 30. Be4 Ne5 31. f4 Nf7 32. Kf2 Nxh6 33. Kf3 Kd6 34. b5 Nf7 35. a4 e5 36. g4 exf4 37. Kxf4 Ne5 38. Bc2 a6 39. bxa6 Kxc6 40. g5 Nd7 41. Be4+ Kc7 42. a7 fxg5+ 43.
Kxg5 Nc5 44. a8=Q Nxe4+ 45. Qxe4 Kd6 46. Qb4+ Kc6 47. Kh6 Kb7 48. Kxh7 g5 49. Kg6 g4 50. Qxg4 Ka6 51. Qb4 Ka7 52. Kf6 Kb7 53. a5 Kc6 54. Qxb6+ Kd7 55. Ke5 Ke7 56. Qb7+ Ke8 57. Ke6 Kd8 58.
Qd7# 1-0

[Event "Late-Titled-Tuesday-Blitz-October-03-2023"]
[Site "Chess.com"]
[Date "2023.10.03"]
[Round "2"]
[White "The_Straightforward_Rook"]
[Black "dretch"]
[Result "1-0"]
[WhiteElo "2560"]
[BlackElo "2835"]
[TimeControl "180+1"]
[EndTime "14:17:10 PDT"]
[Termination "The_Straightforward_Rook won on time"]

1. d4 d5 2. Nf3 Nf6 3. c4 c6 4. cxd5 cxd5 5. Nc3 Nc6 6. Bf4 Nh5 7. Bd2 e6 8. Rc1 Bd6 9. e3 O-O 10. Bd3 Nf6 11. O-O e5 12. dxe5 Nxe5 13. Nxe5 Bxe5 14. Bb1 d4 15. exd4 Qxd4 16. Bg5 Be6 17. Qxd4 Bxd4 18. Rfd1 Rfd8 19. h3 h6 20. Bxf6 Bxf6 21. Be4 Rxd1+ 22. Rxd1 Bxc3 23. bxc3 Rc8 24. Bxb7 Rxc3 25. Bd5 Bf5 26. Bb3 g5 27. Rd6 Kg7 28. Ra6 Rc7 29. Kh2 Bd3 30. Ra5 Kf6 31. Kg3 Be4 32. f3 Bd3 33. h4 Bf1 34. Rd5 gxh4+ 35. Kf2 Bc4 36. Rd6+ Be6 37.
Ra6 Ke5 38. Bxe6 fxe6 39. Kg1 Kd4 40. Rxe6 Kc3 41. Rxh6 a5 42. Rxh4 Kb2 43. Ra4 Rc5 44. Kh2 Kc3 45. Kg3 Kd3 46. Kf4 Ke2 47. Ra3 Kf2 48.
g4 Rc4+ 49. Kf5 a4 50. g5 Kg3 51. g6 Rf4+ 52. Ke6 Rb4 53. g7 Rb6+ 54. Kf7 Rb7+ 55.
Kg6 Rb6+ 56. Kh7 Rb7 57. Kh8 Kf2 58. g8=Q 1-0

[Event "Late-Titled-Tuesday-Blitz-October-03-2023"]
[Site "Chess.com"]
[Date "2023.10.03"]
[Round "2"]
[White "SpeedofLight0"]
[Black "josiur"]
[Result "0-1"]
[WhiteElo "3019"]
[BlackElo "2527"]
[TimeControl "180+1"]
[EndTime "14:17:10 PDT"]
[Termination "josiur won by checkmate"]

1. Nf3 d5 2. c4 e6 3. e3 a6 4.
b3 b6 5. Bb2 Bb7 6. d4 Nd7 7.
Nbd2 Ngf6 8. Bd3 Bd6 9. O-O O-O 10. Ne5 c5 11. f4 Rc8 12. Qf3 cxd4 13. exd4 Ba8 14. Qh3 dxc4 15. bxc4 h6 16. Rae1 Qc7 17. Kh1 Bb4 18. Re2 Rfd8 19. d5 exd5 20. Nxd7 Nxd7 21. cxd5 Nf8 22. Qg4 Bc3 23. Rc1 Bxb2 24. Rxc7 Rxc7 25. Nb3 Bf6 26. Bxa6 Bxd5 27. h3 Be6 28. Qg3 Bf5 29. Qf2 Rd6 30. Bb5 Re7 31. Rxe7 Bxe7 32. Qe3 Bh4 33.
Bc4 Be6 34. Bb5 Bf6 35. Qe4 Bd5 36. Qb4 Re6 37. Qd2 Bb7 38. Bc4 Re4 39. Bd3 Re8 40.
Bc2 Rd8 41. Qe3 Ne6 42. Qxb6 Bd5 43. f5 Nf4 44. Qe3 Nxg2 45. Qe2 Nf4+ 46. Qe4 Bxe4+ 47. Bxe4 Bh4 48. Kg1 Bg3 49. Kf1 Rd1# 0-1

[Event "Late-Titled-Tuesday-Blitz-October-03-2023"]
[Site "Chess.com"]
[Date "2023.10.03"]
[Round "2"]
[White "RamyresCoelho"]
[Black "esskeettit"]
[Result "1-0"]
[WhiteElo "2285"]
[BlackElo "2477"]
[TimeControl "180+1"]
[EndTime "14:17:10 PDT"]
[Termination "RamyresCoelho won by resignation"]

1. e4 c5 2. Nf3 Nc6 3. d4 cxd4 4.
c3 dxc3 5. Nxc3 g6 6. Bc4 Bg7 7.
O-O Nf6 8. e5 Ng4 9. Re1 Ngxe5 10. Nxe5 Nxe5 11. Rxe5 Bxe5 12. Qd5 Qc7 13. Qxf7+ Kd8 14.
Bg5 Bxh2+ 15. Kh1 Qe5 16. f4 Bxf4 17. Bxf4 Qh5+ 18. Kg1 d6 19. Nd5 Re8 20. Re1 Bf5 21. Bxd6 Qh4 22. Bxe7+ Rxe7 23. Qxe7+ Qxe7 24. Rxe7 Rc8 25.
Bb3 Rc5 26. Rxb7 a5 27. Rxh7 a4 28. Rh8+ Kd7 29. Nf6+ Ke7 30. Ng8+ Kd6 31. Bf7 Rc8 32. Rh4 Rb8 33. Rd4+ Ke5 34. Rxa4 Rxb2 35. Ra5+ Kf4 36. Nf6 Rb1+ 37. Kh2 Rb2 38. Nd5+ Kg5 39. Ne3 Kf6 40. Nxf5 Kxf7 41. Ng3 Kf6 42. Ra6+ Kg5 43. a4 Ra2 44. a5 Ra3 45. Ra8 Kh4 46. Nh1 g5 47. a6 Kg4 48.
a7 Ra2 49. Ng3 Ra6 50. Ne4 Rh6+ 51. Kg1 Ra6 52. Nc5 Ra2 53. Kf1 Ra1+ 54. Ke2 Ra2+ 55. Kd3 Kg3 56. Ne4+ Kxg2 57. Nxg5 Kg3 58. Ne6 Ra3+ 59.
Kd4 1-0

[Event "Late-Titled-Tuesday-Blitz-October-03-2023"]
[Site "Chess.com"]
[Date "2023.10.03"]
[Round "2"]
[White "sofaceindisguise"]
[Black "Metadast"]
[Result "1-0"]
[WhiteElo "2825"]
[BlackElo "2535"]
[TimeControl "180+1"]
[EndTime "14:17:12 PDT"]
[Termination "sofaceindisguise won on time"]

1. Nf3 f5 2. c4 Nf6 3. d4 d6 4. d5 g6 5. g3 Bg7 6. Bg2 O-O 7.
O-O e5 8. dxe6 Bxe6 9. Nd4 Bc8 10. Nc3 Qe8 11. Nd5 Nxd5 12. cxd5 Na6 13. Be3 Nc5 14. Rc1 Rf7 15. b4 Ne4 16. Qd3 a5 17. a3 axb4 18. axb4 b6 19. Ra1 Bb7 20. Rxa8 Qxa8 21.
Ne6 Bxd5 22. Nxg7 Rxg7 23. Bd4 Rf7 24. Bb2 Nf6 25. f3 Bb7 26. e4 Qa4 27. exf5 Ba6 28.
Qc3 Bxf1 29. Bxf1 Qd1 30. fxg6 hxg6 31. Kg2 d5 32. Bd3 Kg7 33. g4 Kh7 34. g5 d4 35.
Qxd4 Qd2+ 36. Kg1 Qxg5+ 37. Kf2 Rd7 38. Qc3 Qh4+ 39. Kg2 Qg5+ 40. Kh1 Qf4 41. Be2 Rf7 42. Bc1 Qf5 43. Qe3 1-0

[Event "Late-Titled-Tuesday-Blitz-October-03-2023"]
[Site "Chess.com"]
[Date "2023.10.03"]
[Round "2"]
[White "Quattroporte300"]
[Black "SanchezKelvin"]
[Result "0-1"]
[WhiteElo "2351"]
[BlackElo "2575"]
[TimeControl "180+1"]
[EndTime "14:17:12 PDT"]
[Termination "SanchezKelvin won on time"]

1. e4 e5 2. Nf3 Nc6 3. Bc4 Bc5 4. c3 Nf6 5. d3 d6 6. O-O a5 7. a4 h6 8. Nbd2 Be6 9. Re1 O-O 10. h3 Qb8 11.
Bxe6 fxe6 12. Nf1 Qa7 13. Be3 Rae8 14. Ng3 Bxe3 15. fxe3 Ne7 16. Nh4 g5 17. Nf3 Ng6 18. d4 Qb6 19. Qc2 Qc6 20. Rf1 Qd7 21. b4 Ra8 22.
Nd2 b6 23. Qb3 Kg7 24. Rf2 axb4 25. cxb4 h5 26. Raf1 h4 27. Rxf6 hxg3 28. Rxf8 Nxf8 29. b5 Ng6 30. Rc1 Rf8 31. Rf1 Rxf1+ 32. Nxf1 exd4 33.
exd4 Nf4 34. Nxg3 d5 35. e5 Qf7 36. Qc2 Kh6 37. Ne2 Ng6 38. Qd3 Qe7 39. Qf3 Qb4 40. Kh2 Qd2 41. Ng3 Nf4 42. Qg4 Qxd4 43. Ne2 Qxe5 44. Nxf4 Qxf4+ 45. Qxf4 gxf4 46. Kg1 e5 47. Kf2 Kg5 48. Ke2 e4 0-1

[Event "Late-Titled-Tuesday-Blitz-October-03-2023"]
[Site "Chess.com"]
[Date "2023.10.03"]
[Round "2"]
[White "tgpgoat"]
[Black "IPAchess"]
[Result "0-1"]
[WhiteElo "2492"]
[BlackElo "2324"]
[TimeControl "180+1"]
[EndTime "14:17:15 PDT"]
[Termination "IPAchess won by checkmate"]

1. Nf3 d5 2. g3 Nf6 3. Bg2 e6 4. O-O c5 5. d4 Nc6 6. c3 Be7 7. Re1 O-O 8. Nbd2 b5 9. Ne5 Bb7 10. Nxc6 Bxc6 11. dxc5 Bxc5 12. Nb3 Bd6 13. Nd4 Bd7 14.
Bg5 h6 15. Bxf6 Qxf6 16. e4 dxe4 17. Nxb5 Bxg3 18. hxg3 Bxb5 19. Bxe4 Rad8 20. Qb3 Rd2 21. f4 Rb8 22. Rad1 Qd8 23. c4 Qd4+ 24. Kh1 Rxd1 25. Qxd1 Qxc4 26. b3 Qc3 27. Kg2 Bc6 28. Bxc6 Qxc6+ 29. Qf3 Qc5 30. Re2 Rd8 31. Rf2 Qc1 32. Rf1 Qd2+ 33.
Rf2 Qd4 34. Qb7 Rd5 35. Qc8+ Kh7 36. Qc2+ g6 37. Qe2 h5 38. Qf3 h4 39. g4 e5 40. f5 e4 41. Qh3 e3 42. Qxh4+ Kg8 43. Re2 Rxf5 44. Qg3 Qe4+ 45. Kh2 Rf3 46. Qb8+ Kg7 47.
Qc8 Qf4+ 48. Kg2 Qg3+ 49. Kh1 Rf1# 0-1

[Event "Late-Titled-Tuesday-Blitz-October-03-2023"]
[Site "Chess.com"]
[Date "2023.10.03"]
[Round "2"]
[White "Doudou2015"]
[Black "Haykoooo0o"]
[Result "0-1"]
[WhiteElo "2151"]
[BlackElo "2439"]
[TimeControl "180+1"]
[EndTime "14:17:15 PDT"]
[Termination "Haykoooo0o won on time"]

1. b3 d5 2. Bb2 Bf5 3. e3 e6 4. f4 Nf6 5. Nf3 h6 6. Be2 Be7 7. O-O O-O 8. h3 c6 9. d3 Nbd7 10.
Nbd2 Qb6 11. Bd4 c5 12. Bb2 c4 13. Bd4 Bc5 14. dxc4 Bxd4 15. Nxd4 Bh7 16. Bf3 Rac8 17.
cxd5 Nxd5 18. Bxd5 exd5 19. c4 Nf6 20. Re1 Rfe8 21. cxd5 Nxd5 22. Nc4 Qc5 23. Rc1 Qe7 24. Ne5 f6 25. Rxc8 Rxc8 26. Nc4 Rd8 27. Qf3 Be4 28. Qg4 a6 29. Kf2 Nb4 30. Nb2 Nxa2 31. Re2 Nb4 32. f5 Bd5 33. e4 Bf7 34. Ne6 Bxe6 35. fxe6 Rd6 36. e5 Nd3+ 37. Nxd3 Rxd3 38. exf6 Qxf6+ 39. Kg1 Rd8 40. e7 Re8 41. Qc4+ Qf7 42.
Qc7 b5 43. Kh2 Qxb3 44. Qd7 Qf7 45. Re5 b4 46. Re4 a5 47. Rd4 Qxe7 48. Qxe7 Rxe7 49. Rd5 Ra7 50. Rb5 Kf7 51. Kg3 Ke6 52. Kf4 Kd6 53.
Ke4 Kc6 54. Rb8 Kc5 55. Kd3 Rd7+ 56. Kc2 Rf7 57. Kb3 Rf2 58. g4 Rf3+ 59. Kb2 Rxh3 60. Ra8 Kb5 61. Rb8+ Ka4 62. Rg8 g5 63. Rg6 Rg3 0-1

[Event "Late-Titled-Tuesday-Blitz-October-03-2023"]
[Site "Chess.com"]
[Date "2023.10.03"]
[Round "2"]
[White "Alexandr_Predke"]
[Black "Mikedannnn"]
[Result "1-0"]
[WhiteElo "2886"]
[BlackElo "2552"]
[TimeControl "180+1"]
[EndTime "14:17:16 PDT"]
[Termination "Alexandr_Predke won on time"]

1. d4 c5 2. d5 g6 3. h4 h5 4. Nf3 Bg7 5. Nc3 d6 6. Ng5 Na6 7. e4 Nc7 8. a4 b6 9. Be3 a6 10. Qd2 Rb8 11. Rb1 b5 12. axb5 axb5 13. b4 cxb4 14. Rxb4 Bd7 15. Bd4 Nf6 16. f3 Na6 17.
Rb1 Qa5 18. Be2 b4 19. Nd1 Nc5 20. O-O O-O 21. Ne3 Bb5 22. Ra1 Qb6 23. Bxb5 Qxb5 24. Rfb1 Rfc8 25. Ra7 Nfd7 26. Bxg7 Kxg7 27. Qd4+ Kg8 28.
Kh2 Qe2 29. Kg3 Re8 30. Nh3 Ne5 31. Nf4 Qb5 32. Qa1 b3 33. cxb3 Nxb3 34. Qc3 Qc5 35. Qxc5 Nxc5 36. Rxe7 Rxb1 37. Rxe8+ Kg7 38. Nc4 Nxc4 39.
Rc8 Rb3 40. Kh2 Ne5 41. Rd8 Rb6 42. Ne2 1-0

[Event "Late-Titled-Tuesday-Blitz-October-03-2023"]
[Site "Chess.com"]
[Date "2023.10.03"]
[Round "2"]
[White "slorovel"]
[Black "ETTrainer"]
[Result "1/2-1/2"]
[WhiteElo "2484"]
[BlackElo "2269"]
[TimeControl "180+1"]
[EndTime "14:17:16 PDT"]
[Termination "Game drawn by repetition"]

1. e4 c5 2. Nf3 a6 3. c3 e5 4. Nxe5 Qe7 5. Nf3 Qxe4+ 6. Be2 Be7 7. O-O Nf6 8. d4 cxd4 9. Nxd4 Nc6 10. Nd2 Qg6 11.
N2f3 d5 12. Bd3 Qh5 13. Nxc6 bxc6 14. Re1 Be6 15. Qa4 O-O 16. Qxc6 Rfc8 17. Qb7 Bd6 18. Bg5 Bg4 19. Bxf6 Bxf3 20. gxf3 Bxh2+ 21. Kg2 gxf6 22. Rh1 Kh8 23. Qe7 Rg8+ 24. Kf1 Qh3+ 25. Ke2 Rae8 26.
Qxe8 Rxe8+ 27. Kd2 Qg2 28. Raf1 Bf4+ 29. Kc2 h6 30. Rh4 Qxf3 31. a4 Bg5 32. Rd4 Re2+ 33. Kb3 Rxf2 34. Re1 Qg2 35. Re8+ Kg7 36. Kb4 Rxb2+ 37.
Kc5 Qf2 38. Kxd5 Qg2+ 39. Kc5 Qb7 40. Rdd8 Qb6+ 41. Kd5 Qb3+ 42. Ke4 Qb7+ 43. Kd4 Qb6+ 44. Kd5 Qb7+ 45. Kd4 Qb6+ 46. Kc4 Qc6+ 47. Kd4 Qb6+ 1/2-1/2

[Event "Late-Titled-Tuesday-Blitz-October-03-2023"]
[Site "Chess.com"]
[Date "2023.10.03"]
[Round "2"]
[White "TheMagician"]
[Black "Levanzovsky"]
[Result "0-1"]
[WhiteElo "2187"]
[BlackElo "2454"]
[TimeControl "180+1"]
[EndTime "14:17:19 PDT"]
[Termination "Levanzovsky won on time"]

1. d4 Nf6 2. Nf3 c5 3. e3 cxd4 4. exd4 g6 5. c3 Bg7 6. Bg5 O-O 7. Nbd2 d5 8. Bd3 Nc6 9. O-O h6 10. Bxf6 Bxf6 11. Re1 Kg7 12. h3 h5 13. b4 e6 14.
Nb3 Bd7 15. a4 Rc8 16. Nc5 b6 17. Nxd7 Qxd7 18. Bb5 Qd6 19. Re3 Ne7 20. Qe1 Nf5 21.
Rd3 h4 22. Ba6 Rc7 23. Nh2 e5 24. dxe5 Qxe5 25. Qxe5 Bxe5 26. Rxd5 Bxc3 27. Rc1 Re8 28. Bd3 Re1+ 29. Rxe1 Bxe1 30. Bxf5 gxf5 31. b5 Kf6 32. Kf1 Bb4 33. Nf3 Rc1+ 34. Ke2 Rc2+ 35. Kf1 Bc5 36. Nd4 Rd2 37. Rxc5 bxc5 38. Nc6 c4 39. Ke1 c3 40. Nxa7 Ra2 41. Kd1 Rxa4 42. b6 Rb4 43. Kc2 Rxb6 44. Kxc3 Ke6 0-1

[Event "Late-Titled-Tuesday-Blitz-October-03-2023"]
[Site "Chess.com"]
[Date "2023.10.03"]
[Round "2"]
[White "TheoSlade"]
[Black "chessajedrezz2020"]
[Result "0-1"]
[WhiteElo "2509"]
[BlackElo "2724"]
[TimeControl "180+1"]
[EndTime "14:17:21 PDT"]
[Termination "chessajedrezz2020 won by checkmate"]

1. d4 d5 2. c4 e6 3. Nf3 Be7 4. g3 Nf6 5. Bg2 O-O 6. O-O c6 7. Qc2 b6 8. Nbd2 Bb7 9. e4 Na6 10. e5 Nd7 11. cxd5 cxd5 12. Re1 Nb4 13. Qd1 Rc8 14.
Nf1 Nc2 15. Rb1 Nxe1 16. Qxe1 Ba6 17. Qd1 Rc6 18. Ne3 Qc7 19. h4 Rc8 20. Bd2 Bd3 21.
Ra1 Be4 22. h5 h6 23. b3 a5 24. Nh2 Bxg2 25. Kxg2 Ba3 26. Rb1 Bc1 27. Nf3 Bxd2 28.
Qxd2 Rc1 29. Rxc1 Qxc1 30. Qe2 Nf8 31. g4 Nh7 32. Qb5 Qc6 33. Qd3 b5 34. Qd2 b4 35.
Qd3 Qc7 36. Qd2 Qc3 37. Qe2 Qa1 38. Qa6 Rf8 39. Qxa5 Qc3 40. a3 Qxb3 41. axb4 Qb1 42. Qb6 Ng5 43. Nxg5 hxg5 44. b5 Qe4+ 45. Kg1 Rc8 46.
Kh2 Rc1 47. Qd8+ Kh7 48. Ng2 Qxd4 49. Qxg5 Qxf2 50. h6 Qg1+ 51. Kh3 Rc3+ 52. Kh4 Qh2# 0-1

[Event "Late-Titled-Tuesday-Blitz-October-03-2023"]
[Site "Chess.com"]
[Date "2023.10.03"]
[Round "2"]
[White "Abund"]
[Black "elmusmolamas"]
[Result "1-0"]
[WhiteElo "2771"]
[BlackElo "2525"]
[TimeControl "180+1"]
[EndTime "14:17:23 PDT"]
[Termination "Abund won by checkmate"]

1. c4 f5 2. g3 Nf6 3. Bg2 g6 4. Nc3 Bg7 5. d3 O-O 6. e3 c6 7.
Nge2 d6 8. O-O Na6 9. Rb1 Nc7 10. b4 Qe8 11. b5 Bd7 12. a4 h6 13. Ba3 g5 14. Qb3 Kh8 15. bxc6 Bxc6 16. Nd4 Bxg2 17. Kxg2 b6 18. Nxf5 Ng4 19. Nxg7 Kxg7 20. Bb2 e5 21. Ne4 Qc6 22. h3 Nf6 23. f3 Rf7 24. Rf2 Raf8 25. Rbf1 a6 26. Kg1 Ne6 27. Ba3 Nxe4 28. fxe4 Rxf2 29. Rxf2 Rxf2 30. Kxf2 h5 31. Qd1 Kh6 32.
Qf3 Qd7 33. Qf6+ Kh7 34. Kg2 Qe8 35. Bxd6 Ng7 36. Bxe5 Ne6 37. Qf5+ Kg8 38. Qf6 Qc6 39. Qh8+ Kf7 40. Qxh5+ Ke7 41. Qh7+ Ke8 42. Qh8+ Nf8 43. Bg7 Qxa4 44. Qxf8+ Kd7 45. Qf7+ Kc8 46. Qe6+ Kb7 47.
Qd5+ Ka7 48. Qf7+ Ka8 49. Bd4 Qc2+ 50. Qf2 Qxd3 51. Bxb6 Qxc4 52. Bd4 a5 53. Qf8+ Kb7 54. Qe7+ Ka8 55. Qa7# 1-0

[Event "Late-Titled-Tuesday-Blitz-October-03-2023"]
[Site "Chess.com"]
[Date "2023.10.03"]
[Round "2"]
[White "Marasmus01"]
[Black "ARTHURMOTIVATOR"]
[Result "1-0"]
[WhiteElo "2524"]
[BlackElo "2317"]
[TimeControl "180+1"]
[EndTime "14:17:23 PDT"]
[Termination "Marasmus01 won on time"]

1. d4 Nf6 2. Bf4 g6 3. e3 Bg7 4. h3 O-O 5. Bc4 d6 6. Nf3 b6 7. O-O Bb7 8. Re1 Nbd7 9. Bh2 Ne4 10. a4 a6 11. Nbd2 Nxd2 12. Nxd2 e5 13. c3 Kh8 14.
Qb3 f5 15. Bd5 c6 16. Be6 Bc8 17. Nc4 Nc5 18. dxc5 Bxe6 19. cxb6 Bxc4 20. Qxc4 Qxb6 21. b4 d5 22. a5 Qb5 23. Qb3 g5 24. Rad1 f4 25.
exf4 exf4 26. g3 Rae8 27. Qc2 f3 28. g4 Re2 29. Qc1 Rfe8 30. Rf1 h6 31. Bg3 Qc4 32. Qb1 Qe4 33. Qc1 Rc2 34. Qa3 Rxc3 35. Qa4 Rc2 36. Rde1 Re2 37. Rc1 d4 38. Rxc6 d3 39.
Rcc1 d2 40. Rcd1 Re1 41. Kh2 Rxf1 42. Rxf1 Qe1 43. Qd7 Qe2 44. Rb1 Kg8 45. b5 axb5 46. a6 b4 47. a7 b3 48. Qd5+ Kh8 49. Qxb3 Be5 50. Qb6 Bxg3+ 51. Kxg3 Qe5+ 52. Kxf3 1-0